 Dungeon Crawl Stone Soup version 0.30-a0-424-g7412bad402 (webtiles) character file.

Game seed: 10146566097931774476

54 lunkers the Slasher (level 4, 0/36 HPs)
             Began as a Meteoran Gladiator on Dec 9, 2022.
             Slain by a kobold
             ... wielding a +0 whip
              (5 damage)
             ... on level 3 of the Dungeon.
             The game lasted 00:01:33 (723 turns).

lunkers the Slasher (Meteoran Gladiator)             Turns: 723, Time: 00:01:33

Health: 0/36       AC:  4    Str: 17    XL:     4   Next: 34%
Magic:  5/5        EV: 13    Int: 10    God:
Gold:   85         SH:  0    Dex: 15    Spells: 3/3 levels left

rFire   + . .      SeeInvis .    a - +2 battleaxe (vorpal)
rCold   . . .      Faith    .    (shield currently unavailable)
rNeg    . . .      Spirit   .    b - +0 leather armour
rPois   .          Reflect  .    c - +0 helmet
rElec   .          Harm     .    (no cloak)
rCorr   .          Rampage  .    (no gloves)
Will    .....                    (no boots)
Stlth   +.........               (no amulet)
HPRegen 0.26/turn                f - ring of protection from fire
MPRegen 0.09/turn                (no ring)

@: glowing
A: sense surroundings 1, otherworldly, glowing, explore regen
a: no special abilities


You were on level 3 of the Dungeon.
You visited 1 branch of the dungeon, and saw 3 of its levels.

You collected 85 gold pieces.

Inventory:

Hand Weapons
 a - a +2 vorpal battleaxe (weapon)
 h - a +0 long sword
Missiles
 d - 3 throwing nets
 e - a javelin
Armour
 b - a +0 leather armour (worn)
 c - a +0 helmet (worn)
Jewellery
 f - a ring of protection from fire (left hand)
Wands
 m - a wand of roots (7)
Scrolls
 g - 3 scrolls of identify {unknown}
 l - a scroll of magic mapping {unknown}
 o - a scroll of vulnerability {unknown}
Potions
 i - a potion of attraction {unknown}
 j - a potion of haste {unknown}
 k - a potion of might {unknown}
 n - a potion of invisibility {unknown}
 p - a potion of curing {unknown}


   Skills:
 - Level 2.1 Fighting
 - Level 4.2 Long Blades
 + Level 3.4 Axes
 - Level 2.4 Throwing
 - Level 3.6 Dodging


You had 3 spell levels left.
You didn't know any spells.
Your spell library contained the following spells:

 Spells                   Type           Power      Damage    Failure   Level
 Apportation              Tloc           0%         N/A       43%         1
 Necrotise                Necr           0%         1d4       43%         1
 Summon Small Mammal      Summ           0%         N/A       43%         1


Dungeon Overview and Level Annotations

Branches:
Dungeon (3/15) Zot: 1030

Altars:


Innate Abilities, Weirdness & Mutations

You passively map a small area around you.
You are easily found by Zot.
You glow in the dark.
You regain HP and MP as you explore.


Message History

The orc hits you but does no damage.
You are too injured to fight recklessly!
You are too injured to fight recklessly!
You are too injured to fight recklessly!
You are too injured to fight recklessly!
You are too injured to fight recklessly!
You are too injured to fight recklessly!
You are too injured to fight recklessly!
You are too injured to fight recklessly!
You are too injured to fight recklessly!
You are too injured to fight recklessly!
You are too injured to fight recklessly!
You are too injured to fight recklessly!
You are too injured to fight recklessly!
You are too injured to fight recklessly!
You are too injured to fight recklessly!
You are too injured to fight recklessly!
You are too injured to fight recklessly!
You are too injured to fight recklessly!
Unknown command.
You barely miss the orc. You hit the kobold.
You feel sick. The orc misses you. The kobold hits you but does no damage.
You closely miss the orc. You miss the kobold.
You feel sick. The orc barely misses you.
The kobold hits you but does no damage. The orc barely misses you.
The kobold hits you but does no damage.
You barely miss the orc. You closely miss the kobold.
You feel sick. The orc misses you. The kobold hits you with a +0 whip.
* * * LOW HITPOINT WARNING * * *
The orc closely misses you. The kobold barely misses you.
You barely miss the orc. You barely miss the kobold.
You feel sick.
You are no longer poisoned.
The orc hits you with a +0 club.
* * * LOW HITPOINT WARNING * * *
The kobold misses you.
You hit the orc.
The orc is almost dead.
You closely miss the kobold. The orc hits you with a +0 club.
* * * LOW HITPOINT WARNING * * *
The kobold hits you with a +0 whip.
You die...

#.#......# ###...##
#.###...## #......## *
*
........#####.......###
####...................
#...######.......#*
#...# ##.....## #...#
###...#### #...#
*#....K...# ,
,.....,......#@#.#.#, .
...... ......#o)......
........
..>....!..#.#.. # *
####..#...#.# , *
#....... # ,, , #.
....##** * #. #..##
#,,.... , **


You could see an orc and a kobold.

Vanquished Creatures
  An adder (D:3)
  2 dart slugs
  3 orcs (D:3)
  2 ball pythons
  2 endoplasms
  A giant cockroach (D:1)
  3 goblins
  4 hobgoblins
  2 jackals (D:1)
  2 kobolds
  2 quokkas (D:1)
  3 bats
  3 frilled lizards
  6 rats
36 creatures vanquished.

Notes
Turn   | Place    | Note
-------+----------+-------------------------------------------
     0 | D:1      | lunkers the Meteoran Gladiator began the quest for the Orb.
     0 | D:1      | Reached XP level 1. HP: 17/17 MP: 2/2
   123 | D:1      | Reached skill level 4 in Long Blades
   127 | D:1      | Reached XP level 2. HP: 22/24 MP: 3/3
   350 | D:1      | Reached skill level 1 in Axes
   402 | D:2      | Reached XP level 3. HP: 29/29 MP: 4/4
   660 | D:3      | Found a faded altar of an unknown god.
   716 | D:3      | Reached XP level 4. HP: 28/36 MP: 5/5
   723 | D:3      | Slain by a kobold

Illustrated notes

Levels and vault maps discovered:
D:1:      spicycebolla_arrival_xxxplode, layout_rooms, minmay_pentomino_v2
D:2:      layout_loops_ring, minmay_distorted
D:3:      layout_loops_cross, tgw_sif, zin_purify,
          chequers_ecumenical_altar_simple_redux

Skill      XL: |  1  2  3 |
---------------+----------+-----
Long Blades    | 4 |  4.2
Axes           | 1 3 |  3.4
Fighting       | |  2.1
Throwing       | |  2.4
Dodging        | |  3.6

Action                   |  1- 3 |  4- 6 || total
-------------------------+-------+-------++-------
Melee: Long sword        |    18 |       ||    18
       Battleaxe         |    64 |     8 ||    72
Armor: Leather armour    |    31 |     6 ||    37
Dodge: Dodged            |    70 |     9 ||    79

Table legend: (Time is in decaauts)
 A = Elapsed time spent in this place.
 B = Non-inter-level travel time spent in this place.
 C = Inter-level travel time spent in this place.
 D = Time resting spent in this place.
 E = Time spent auto-exploring this place.
 F = Levels seen in this place.
 G = Mean time per level.
                   A        B        C        D        E       F      G
               +--------+--------+--------+--------+--------+-----+--------+
         Total |    767 |    767 |      0 |      0 |    486 |   3 |  255.7 |
       Dungeon |    767 |    767 |      0 |      0 |    486 |   3 |  255.7 |
               +--------+--------+--------+--------+--------+-----+--------+

Top non-repeatable levels by time:
     D:1: 413 daAuts
     D:2: 272 daAuts
     D:3: 82 daAuts
